 Dungeon Crawl Stone Soup version 0.20.1-1-g8b1a95d (webtiles) character file.

172 Meenos the Skirmisher (level 5, -1/43 HPs)
             Began as a Formicid Abyssal Knight on Nov 5, 2017.
             Was an Initiate of Okawaru.
             Slain by a thrashing horror (14 damage)
             ... created by the touch of Lugonu
             ... on level 3 of the Dungeon.
             The game lasted 00:41:07 (3264 turns).

Meenos the Skirmisher (Formicid Abyssal Knight)     Turns: 3264, Time: 00:41:07

Health: -1/43      AC:  3    Str: 17    XL:     5   Next: 83%
Magic:  6/6        EV: 12    Int: 12    God:    Okawaru [......]
Gold:   81         SH:  0    Dex: 10    Spells: 4/4 levels left

rFire    . . .     SeeInvis +   a - +1 falchion
rCold    . . .     Gourm    .   (no shield)
rNeg     . . .     Faith    .   b - +0 leather armour
rPois    .         Spirit   .   (helmet unavailable)
rElec    .         Reflect  .   (no cloak)
rCorr    .         Harm     .   (no gloves)
MR       .....                  (no boots)
Stlth    ++........             (no amulet)
Regen    0.2/turn               (no ring)
MPRegen  0.1/turn               (no ring)

@: no status effects
A: permanent stasis, dig shafts and tunnels, four strong arms, antennae 3
a: Dig, Shaft Self, Renounce Religion


You were on level 3 of the Dungeon.
You worshipped Okawaru.
Okawaru was noncommittal.
You were not hungry.

You visited 1 branch of the dungeon, and saw 3 of its levels.
You visited the Abyss 1 time.

You collected 81 gold pieces.

Inventory:

Hand Weapons
 a - a +1 falchion (weapon)
 n - a +0 hunting sling
Missiles
 o - 41 stones (quivered)
Armour
 b - a +0 leather armour (worn)
 j - a +0 robe
Wands
 r - a wand of polymorph (3/24)
Scrolls
 i - 2 scrolls of identify {unknown}
 l - a scroll of teleportation {unknown}
 m - a scroll of magic mapping {unknown}
 p - 2 scrolls of remove curse {unknown}
 s - a scroll of enchant weapon {unknown}
Potions
 d - a potion of degeneration {unknown}
 e - 3 potions of heal wounds {unknown}
 g - a potion of haste {unknown}
 h - a potion of lignification {unknown}
 k - a potion of resistance {unknown}
Books
 q - a book of Cantrips

   Spells                             Type                      Level
   a - Confusing Touch                Hexes                        1
   b - Animate Skeleton               Necromancy                   1
   c - Summon Small Mammal            Summoning                    1
   d - Apportation                    Translocation                1
Comestibles
 c - a bread ration
 f - 2 meat rations
 t - a royal jelly


   Skills:
 + Level 4.3 Fighting
 + Level 3.4 Long Blades
 + Level 2.5 Armour
 + Level 1.9 Dodging
 * Level 2.6 Stealth
 - Level 2.4 Invocations


You had 4 spell levels left.
You didn't know any spells.

Dungeon Overview and Level Annotations

Branches:
Dungeon (3/15)

Altars:
Okawaru
Ru

Annotations:
D:3 2 transporters


Innate Abilities, Weirdness & Mutations

You cannot be hasted, slowed, berserked, paralysed or teleported.
You can dig through walls and to a lower floor.
Your four strong arms can wield two-handed weapons with a shield.
You have a pair of large antennae on your head. (SInv)


Message History

Space warps around you!
You feel a strange sense of stasis. Lugonu sends minions to punish you.
A thrashing horror comes into view.
The thrashing horror roars!
You barely miss the thrashing horror. The thrashing horror tramples you!
You stumble backwards!
The thrashing horror completely misses you.
You riposte.
You closely miss the thrashing horror. The thrashing horror tramples you.
You hold your ground!
You hit the thrashing horror but do no damage.
The thrashing horror closely misses you.
You riposte.
You hit the thrashing horror.
The thrashing horror is lightly damaged.
The thrashing horror tramples you but does no damage.
The thrashing horror tramples you!
* * * LOW HITPOINT WARNING * * *
You stumble backwards!
Are you sure you want to shaft yourself?
You feel quite a bit more hungry. The thrashing horror tramples you!
You die...

#........#
#........#
#........#
#†######.# #.#
#.# #.# #.# #.#
#.# #.######.#
#..X@....#
........######.#
##############.#
.........#
##########


You could see a thrashing horror.

Vanquished Creatures
  An orc wizard (D:2)
  Ijyb (D:3)
  5 adders
  3 worms
  4 dart slugs (D:1)
  2 leopard geckos
  7 bats
  3 giant cockroaches
  3 goblins
  6 hobgoblins
  5 jackals
  A quokka (D:2)
  A ball python (D:3)
  10 frilled lizards
  5 kobolds
  6 rats
63 creatures vanquished.

Notes
Turn   | Place    | Note
-------+----------+-------------------------------------------
     0 | Abyss:1  | Meenos the Formicid Abyssal Knight began the quest for the Orb.
     0 | Abyss:1  | Reached XP level 1. HP: 18/18 MP: 2/2
     0 | D:1      | Escaped the Abyss
    41 | D:1      | Reached XP level 2. HP: 7/24 MP: 3/3
   357 | D:1      | Reached skill level 1 in Dodging
   380 | D:1      | Reached * piety under Lugonu
   400 | D:1      | Reached XP level 3. HP: 25/30 MP: 4/4
   786 | D:2      | Reached skill level 1 in Stealth
  1130 | D:2      | Reached XP level 4. HP: 35/37 MP: 5/5
  1215 | D:2      | Reached skill level 4 in Fighting
  1858 | D:2      | Found a sacrificial altar of Ru.
  1881 | D:2      | Reached XP level 5. HP: 30/42 MP: 6/6
  1978 | D:2      | Reached ** piety under Lugonu
  2973 | D:3      | Noticed Ijyb
  3009 | D:3      | Killed Ijyb
  3024 | D:3      | Found an iron altar of Okawaru.
  3033 | D:3      | Fell from the grace of Lugonu
  3033 | D:3      | Became a worshipper of Warmaster Okawaru
  3035 | D:3      | Found a transporter.
  3052 | D:3      | Found a transporter.
  3261 | D:3      | Noticed a thrashing horror
  3264 | D:3      | Slain by a thrashing horror

Skill      XL: |  1  2  3  4 |
---------------+-------------+-----
Dodging        | 1 |  1.9
Stealth        | 1 2 |  2.6
Fighting       | 4 |  4.3
Long Blades    | 3 |  3.4
Armour         | |  2.5
Invocations    | |  2.4

Action                   |  1- 3 |  4- 6 || total
-------------------------+-------+-------++-------
Melee: Falchion          |    80 |   119 ||   199
Throw: Stone             |       |     6 ||     6
Invok: Depart the Abyss  |     1 |       ||     1
       Bend Space        |       |     2 ||     2
 Abil: Dig               |     2 |     2 ||     4
       Shaft Self        |       |     1 ||     1
 Stab: Sleeping          |       |     4 ||     4
       Paralysed         |       |     1 ||     1
  Eat: Bread ration      |       |     2 ||     2
       Fruit             |       |     1 ||     1
       Chunk             |       |     1 ||     1
Armor: Leather armour    |    11 |     7 ||    18
       Robe              |    11 |    15 ||    26
Dodge: Dodged            |    52 |    71 ||   123
       Rpst.: Falchion   |    16 |    27 ||    43
